 Dungeon Sprint DCSS version 0.26-a0-662-g8b9c6dab81 (webtiles) character file.

Game seed: 12550826530786130495

127 sahdkjhfkaj the Merchant of Misery (level 4, -5/24 HPs)
             Began as a Deep Elf Necromancer on Oct 9, 2020.
             Was a Believer of Kikubaaqudgha.
             Slain by a gnoll sergeant
             ... wielding a +2 spear of venom
              (13 damage)
             ... in the Dungeon (Sprint VII: "The Pits").
             The game lasted 00:00:45 (447 turns).

sahdkjhfkaj the Merchant of Misery (DENe)            Turns: 447, Time: 00:00:46

Health: -5/24      AC:  2    Str:  5    XL:     4   Next: 85%
Magic:  6/15       EV: 13    Int: 21    God:    Kikubaaqudgha [**....]
Gold:   0          SH:  0    Dex: 15    Spells: 14/18 levels left

rFire    . . .     SeeInvis .   i - +2 falchion
rCold    . . .     Faith    .   (no shield)
rNeg     . . .     Spirit   .   a - +0 robe
rPois    .         Reflect  .   (no helmet)
rElec    .         Harm     .   (no cloak)
rCorr    .         Rampage  .   (no gloves)
MR       .....     NoTele   +   (no boots)
Stlth    ++........             (no amulet)
HPRegen  0.08/turn              (no ring)
MPRegen  0.14/turn              (no ring)

@: no status effects
A: no striking features
a: Receive Corpses, Renounce Religion


You were in the Dungeon.
You worshipped Kikubaaqudgha.
Kikubaaqudgha was pleased with you.
You visited 1 branch

Inventory:

Hand Weapons
 i - a +2 falchion (weapon)
Armour
 a - a +0 robe (worn)
Scrolls
 h - a scroll of blinking
 j - 3 scrolls of remove curse
 k - 5 scrolls of amnesia
 l - a scroll of summoning
 m - 2 scrolls of vulnerability
Potions
 b - 2 potions of invisibility
 c - a potion of curing
 d - a potion of heal wounds
 e - a potion of haste
 f - 4 potions of magic
 g - 3 potions of berserk rage


   Skills:
 - Level 2.4 Dodging
 - Level 2.4 Stealth
 + Level 7.9 Spellcasting
 * Level 10.5 Necromancy


You had 14 spell levels left.
You knew the following spells:

 Your Spells              Type           Power        Failure   Level
a - Pain                  Necr           ####         1%          1
b - Vampiric Draining     Necr           ######....   1%          3

Your spell library contained the following spells:

 Spells                   Type           Power        Failure   Level
 Animate Skeleton         Necr           ######       1%          1
 Sublimation of Blood     Necr           ######....   1%          2
 Animate Dead             Necr           ######....   1%          4
 Agony                    Necr           ######..     3%          5


Dungeon Overview and Level Annotations

Branches:
Dungeon (1/1)

Altars:
Ashenzari
Cheibriados
Dithmenos
Elyvilon
Fedhas
Gozag
Hepliaklqana
Kikubaaqudgha
Makhleb
Nemelex Xobeh
Okawaru
Qazlal
Ru
Sif Muna
Trog
Uskayaw
Vehumet
Wu Jian
Xom
Yredelemnul
Zin
The Shining One
Beogh
Jiyva
Lugonu


Message History

You kill the gnoll!
Kikubaaqudgha accepts your kill.
Kikubaaqudgha is now protecting you from necromantic miscasts and death curses.
You feel life coursing into your body.
Unknown command.
The gnoll shouts!
The gnoll sergeant hits you with a +2 spear of venom!
* * * LOW HITPOINT WARNING * * *
You see here a +0 spear.
Casting: Vampiric Draining (safe; 1% risk of failure)
Confirm with . or Enter, or press ? or * to list all spells.
Aiming: Vampiric Draining (safe; 1% risk of failure)
Press: ? - help, Shift-Dir - straight line, f - gnoll sergeant
Aim: a gnoll sergeant, wielding a +2 spear of venom, wearing a +0 scale mail and wearing a +0 kite shield The gnoll sergeant is moderately wounded.
You feel life coursing into your body.
The gnoll sergeant hits you with a +2 spear of venom!
Ouch! That really hurt!
You die...
Kikubaaqudgha rasps: "You have failed me!
Welcome... death!"

#_________.#
#_______...###########++
##########'##...........
#..(.')))'.##......#..#.
##########.##...........
#...........'.....).....
#+#####'#####......#..#.
#...#†# #...........
#...#@# ####'#####++


#g.rgg# #.......# ##b#### #.......# #... #.......# #...r #...<...# #....g
#.......# #...b.g #.......# ######## #.......# ######### You could see a gnoll
sergeant, 2 gnolls, a bat and a rat.

Vanquished Creatures
  A floating eye (D)
  2 gnolls (D)
  A hobgoblin (D)
  2 ball pythons (D)
  A bat (D)
7 creatures vanquished.

Notes
Turn   | Place    | Note
-------+----------+-------------------------------------------
     0 | D        | sahdkjhfkaj the Deep Elf Necromancer began the quest for
                  | the Orb.
     0 | D        | Reached XP level 1. HP: 10/10 MP: 6/6
    14 | D        | Reached skill level 5 in Necromancy
    37 | D        | Found a bloodstained altar of Trog.
    37 | D        | Found a shimmering blue altar of Sif Muna.
    37 | D        | Found a viscous altar of Jiyva.
    37 | D        | Found a hazy altar of Hepliaklqana.
    37 | D        | Found an opulent altar of Gozag.
    38 | D        | Found a glowing golden altar of the Shining One.
    38 | D        | Found a glowing silver altar of Zin.
    38 | D        | Found a basalt altar of Yredelemnul.
    38 | D        | Found a shimmering altar of Xom.
    38 | D        | Found an ornate altar of the Wu Jian Council.
    38 | D        | Found a sacrificial altar of Ru.
    38 | D        | Found a stormy altar of Qazlal.
    38 | D        | Found an iron altar of Okawaru.
    38 | D        | Found a sparkling altar of Nemelex Xobeh.
    38 | D        | Found a burning altar of Makhleb.
    38 | D        | Found a blossoming altar of Fedhas.
    38 | D        | Found a white marble altar of Elyvilon.
    38 | D        | Found a shadowy altar of Dithmenos.
    38 | D        | Found a snail-covered altar of Cheibriados.
    39 | D        | Found a radiant altar of Vehumet.
    39 | D        | Found a corrupted altar of Lugonu.
    39 | D        | Found a roughly hewn altar of Beogh.
    40 | D        | Found a hide-covered altar of Uskayaw.
    40 | D        | Found an ancient bone altar of Kikubaaqudgha.
    40 | D        | Found a broken altar of Ashenzari.
    48 | D        | Became a worshipper of Kikubaaqudgha
   107 | D        | Reached skill level 6 in Necromancy
   107 | D        | Reached XP level 2. HP: 1/15 MP: 0/9
   379 | D        | Noticed a floating eye
   380 | D        | Reached * piety under Kikubaaqudgha
   380 | D        | Identified Kikubaaqudgha's Almanac of Stolen Souls
                  | (Kikubaaqudgha gifted it to you in the Dungeon)
   380 | D        | Received a gift from Kikubaaqudgha
   383 | D        | Paralysed by a floating eye for 3 turns
   389 | D        | Paralysed by a floating eye for 4 turns
   395 | D        | Killed a floating eye
   395 | D        | Reached skill level 10 in Necromancy
   395 | D        | Reached XP level 3. HP: 19/19 MP: 10/14
   395 | D        | Reached XP level 4. HP: 24/24 MP: 10/15
   435 | D        | Learned a level 3 spell: Vampiric Draining
   435 | D        | Noticed a gnoll sergeant
   445 | D        | Reached ** piety under Kikubaaqudgha
   447 | D        | Slain by a gnoll sergeant

Illustrated notes

Levels and vault maps discovered:
D:        pitsprint [storerooms_1, entrance_room_1, metal_vault_2, armoury_1,
          mini_pit_1, grid_room_1, main_hall_1, silver_pit, the_coven_2,
          the_vestibule_1, steel_vault_4, golden_pit, hallway_of_sentries,
          crystal_vault_1, iron_vault_3, final_vault]

Skill      XL: |  1  2 |
---------------+-------+-----
Necromancy     | 6 10 | 10.5
Spellcasting   | 4 7 |  7.9
Dodging        | |  2.4
Stealth        | |  2.4

Action                   |  1- 3 |  4- 6 || total
-------------------------+-------+-------++-------
Melee: Falchion          |     9 |     2 ||    11
 Cast: Pain              |     9 |       ||     9
       Vampiric Draining |       |     3 ||     3
Dodge: Dodged            |     6 |     4 ||    10
       Rpst.: Falchion   |     1 |       ||     1

Table legend: (Time is in decaauts)
 A = Elapsed time spent in this place.
 B = Non-inter-level travel time spent in this place.
 C = Inter-level travel time spent in this place.
 D = Time resting spent in this place.
 E = Time spent auto-exploring this place.
 F = Levels seen in this place.
 G = Mean time per level.
                   A        B        C        D        E       F      G
               +--------+--------+--------+--------+--------+-----+--------+
         Total |    449 |    449 |      0 |    305 |      0 |   1 |  449.0 |
       Dungeon |    449 |    449 |      0 |    305 |      0 |   1 |  449.0 |
               +--------+--------+--------+--------+--------+-----+--------+

Top non-repeatable levels by time:
       D: 449 daAuts
